 Dungeon Crawl Stone Soup version 0.16.0-16-g311141a (console) character file.

2 gw the Chiller (level 1, 0/14 HPs)
             Began as a Demigod Ice Elementalist on Mar 19, 2015.
             Slain by a kobold (1 damage)
             ... on level 1 of the Dungeon.
             The game lasted 00:00:15 (182 turns).

gw the Chiller (Demigod Ice Elementalist)            Turns: 182, Time: 00:00:15

Health: 0/14       AC:  2    Str: 11    XL:     1   Next: 26%
Magic:  2/3        EV: 12    Int: 19    God:
Gold:   10         SH:  0    Dex: 16    Spells: 1 memorised, 2 levels left

rFire  . . .     SeeInvis .     a - +0 dagger
rCold  . . .     Clarity  .     f - +0 robe
rNeg   . . .     SustAb   +     (no shield)
rPois  .         Gourm    .     (no helmet)
rElec  .         Spirit   .     (no cloak)
rCorr  .         Warding  .     (no gloves)
rMut   .         Stasis   .     (no boots)
MR     .....                    (no amulet)
Stlth  ++........               (no ring)
                                (no ring)

@: not resistant to hostile enchantments, unstealthy
A: sustain abilities
a: no special abilities


You were on level 1 of the Dungeon.
You were not hungry.

You visited 1 branch of the dungeon, and saw 1 of its levels.

You collected 10 gold pieces.

Inventory:

Hand weapons
 a - a +0 dagger (weapon)
Missiles
 d - 22 bolts
 e - 19 bolts of flame
Armour
 f - a +0 robe (worn)
Books
 b - a book of Frost

   Spells                             Type                      Level
   a - Freeze                         Ice                          1
   b - Throw Frost                    Conjuration/Ice              2
   c - Ozocubu's Armour               Charms/Ice                   3
   d - Throw Icicle                   Conjuration/Ice              4
   e - Summon Ice Beast               Ice/Summoning                4
   f - Condensation Shield            Ice                          4
Comestibles
 c - a bread ration


   Skills:
 + Level 0.1 Fighting
 + Level 0.0 Short Blades
 + Level 0.0 Armour
 - Level 1.7 Dodging
 - Level 1.7 Stealth
 * Level 1.9 Spellcasting
   Level 0.8 Conjurations
 + Level 2.6 Ice Magic


You had 2 spell levels left.
You knew the following spells:

 Your Spells              Type           Power        Failure   Level  Hunger
a - Freeze                Ice            ##..         8%          1    #......


Dungeon Overview and Level Annotations

Branches:
Dungeon (1/15)


Innate Abilities, Weirdness & Mutations

Your attributes are resistant to harm.


Message History

Aiming: Freeze
Press: ? - help, Shift-Dir - straight line, f - kobold
Aim: a kobold You freeze the kobold.
You kill the kobold!
The kobold barely misses you. The kobold hits you with a club.
A rat comes into view.
Unknown command.
Unknown command.
Unknown command.
Unknown command.
MOVING TO (8,0)
The kobold hits you.
You see here a kobold corpse {inedible}.
Unknown command.
Unknown command.
Unknown command.
MOVING TO (7,1)
The kobold hits you.
You die...

..# #.# ## #######.##
#.# #7 ... #......=.#
#.# ##.
.....#........####.#
#P#
#.....#...........#.#
##P
#......[......#...#.#
#P7 #....
#..?!...#...#.# #7.
#.$...#.%p....#...#.##
#..
#.....'.KK...........#
#.~
#.....#.....?.##..#%.#
#.~ #..).
#.......###.#..# #.~
#... #.......#
#.#..###+# r..
......#### #.........
. .......# #........#
.......# ##........+
........ #.........#


You could see 2 kobolds.

Table legend:
 A = Turns spent in this place as a percentage of turns spent in the entire game.
 B = Non-inter-level travel turns spent in this place as a percentage of non-inter-level travel turns spent in the entire game.
 C = Inter-level travel turns spent in this place as a percentage of turns spent in this place.
 D = Turns resting spent in this place as a percentage of non-inter-level travel turns spent in this place.
 E = Turns spent auto-exploring this place as a percentage of non-inter-level travel turns spent in this place.
 F = Non-inter-level travel turns spent in this place divided by the number of levels of this place that you've seen.
                   A       B       C       D       E      F
               +-------+-------+-------+-------+-------+----------------------
         Total | 100.0 | 100.0 |   0.0 |   0.6 |   2.8 | 325.0
       Dungeon | 100.0 | 100.0 |   0.0 |   0.6 |   2.8 | 325.0
               +-------+-------+-------+-------+-------+----------------------

Table legend:
 A = Kills in this place as a percentage of kills in entire the game.
 B = Kills by you in this place as a percentage of kills by you in the entire game.
 C = Kills by friends in this place as a percentage of kills by friends in the entire game.
 D = Other kills in this place as a percentage of other kills in the entire game.
 E = Experience gained in this place as a percentage of experience gained in the entire game.
 F = Experience gained in this place divided by the number of levels of this place that you have seen.
                   A       B       C       D       E      F
               +-------+-------+-------+-------+-------+----------------------
         Total | 100.0 | 100.0 |  -nan |  -nan | 100.0 |   4.0
       Dungeon | 100.0 | 100.0 |  -nan |  -nan | 100.0 |   4.0
               +-------+-------+-------+-------+-------+----------------------

Vanquished Creatures
  A giant cockroach (D:1)
  A kobold (D:1)
2 creatures vanquished.

Notes
Turn   | Place    | Note
--------------------------------------------------------------
     0 | D:1      | gw, the Demigod Ice Elementalist, began the quest for the Orb.
     0 | D:1      | Reached XP level 1. HP: 14/14 MP: 3/3
   182 | D:1      | Slain by a kobold

Action                   || total
-------------------------++-------
 Cast: Freeze            ||     3

Vault maps used:
D:1:      tarquinn_simple_flora_water_d
